 Dungeon Crawl Stone Soup version 0.19-a0-1740-g0bcaf2e (webtiles) character file.

337 kae the Slasher (level 6, -1/51 HPs)
             Began as a Formicid Fighter on Oct 1, 2016.
             Killed by divine providence
             ... invoked by an orc priest
              (13 damage)
             ... on level 4 of the Dungeon.
             The game lasted 00:03:26 (3241 turns).

kae the Slasher (Formicid Fighter)                  Turns: 3241, Time: 00:03:27

Health: -1/51      AC:  9    Str: 23    XL:     6   Next: 85%
Magic:  6/6        EV:  8    Int:  7    God:
Gold:   164        SH:  9    Dex: 10    Spells: 0 memorised, 5 levels left

rFire  . . .     SeeInvis +     a - +1 long sword
rCold  . . .     Gourm    .     b - +0 scale mail
rNeg   . . .     Faith    .     c - +0 shield
rPois  .         Spirit   .     (helmet unavailable)
rElec  .         Dismiss  .     i - +1 cloak
rCorr  .         Reflect  .     (no gloves)
MR     .....     Harm     .     (no boots)
Stlth  ..........               (no amulet)
                                (no ring)
                                (no ring)

@: no status effects
A: permanent stasis, dig shafts and tunnels, four strong arms, antennae 3
a: Dig, Shaft Self


You were on level 4 of the Dungeon.
You were hungry.

You visited 1 branch of the dungeon, and saw 4 of its levels.

You collected 164 gold pieces.

Inventory:

Hand Weapons
 a - a +1 long sword (weapon)
Armour
 b - a +0 scale mail (worn)
 c - a +0 shield (worn)
 i - a +1 cloak (worn)
Scrolls
 e - 4 scrolls of identify
 n - a scroll of remove curse
Potions
 d - 4 potions of might
 m - a potion of resistance
 p - a potion of cancellation
Comestibles
 f - 4 bread rations
 g - a slice of pizza


   Skills:
 + Level 5.0 Fighting
 * Level 5.8 Long Blades
 - Level 3.2 Armour
 - Level 3.6 Shields


You had 5 spell levels left.
You didn't know any spells.

Dungeon Overview and Level Annotations

Branches:
Dungeon (4/15)
 Temple: D:4-7

Altars:
Fedhas


Innate Abilities, Weirdness & Mutations

You are under a permanent stasis effect.
You can dig through walls and to a lower floor.
Your four strong arms can wield two-handed weapons with a shield.
You have a pair of large antennae on your head. (SInv)


Message History

The orc wizard hits you but does no damage.
You block the orc's attack.
You closely miss the orc priest.
The orc priest is severely wounded.
The orc priest closely misses you. You block the orc wizard's attack.
The orc hits you but does no damage.
Unknown command.
You hit the orc priest.
The orc priest is almost dead.
The orc wizard barely misses you.
You riposte.
You slash the orc wizard!
You kill the orc wizard!
Your Fighting skill increases to level 5!
The orc priest begins to cast a cantrip, but forgets the words!
The orc hits you but does no damage. The orc priest barely misses you.
You barely miss the orc priest.
The orc priest is almost dead.
The orc hits you but does no damage.
The orc priest invokes the aid of Beogh against you.
Beogh smites you!
You die...

......).............#
..................#
....o.##.#########
#.#.#...# #.....###
####...### #....#...#
....$#.###...$.# ...#
#o@##.....# ..
#o#)#.....#
#..#.....###
...##.##### ##.. #.#
#.. ..# ..# ..# .##
... ..#.


You could see an orc priest and an orc.

Vanquished Creatures
  3 orc priests (D:3)
  A worker ant (D:4)
  2 orc wizards (D:4)
  5 adders
  2 worms (D:2)
  3 dart slugs
  4 leopard geckos
  13 orcs
  10 bats
  4 giant cockroaches
  8 hobgoblins
  9 jackals
  A quokka (D:3)
  3 ball pythons
  2 frilled lizards
  9 goblins
  5 kobolds
  11 rats
95 creatures vanquished.

Notes
Turn   | Place    | Note
-------+----------+-------------------------------------------
     0 | D:1      | kae the Formicid Fighter began the quest for the Orb.
     0 | D:1      | Reached XP level 1. HP: 18/18 MP: 1/1
    79 | D:1      | Reached XP level 2. HP: 24/24 MP: 2/2
   471 | D:1      | Reached XP level 3. HP: 29/29 MP: 3/3
   897 | D:2      | Found a blossoming altar of Fedhas.
  1045 | D:2      | Reached XP level 4. HP: 37/37 MP: 4/4
  1738 | D:2      | Reached XP level 5. HP: 31/42 MP: 5/5
  2682 | D:3      | Reached XP level 6. HP: 30/49 MP: 6/6
  2689 | D:3      | Reached skill level 5 in Long Blades
  3240 | D:4      | Reached skill level 5 in Fighting
  3241 | D:4      | Killed from afar by an orc priest

Vault maps used:
D:1:      lightli_arrival_noodles, serial_bayou_ford_a
D:2:      fedhas_altar_3
D:3:      first_bread
D:4:      nicolae_overflow_hidden_temple, nemelex_altar_shiori

Skill      XL: |  1  2  3  4  5  6 |
---------------+-------------------+-----
Long Blades    | 3 4 5 |  5.8
Fighting       | 4 5 |  5.0
Armour         | |  3.2
Shields        | |  3.6

Action                   |  1- 3 |  4- 6 || total
-------------------------+-------+-------++-------
Melee: Long sword        |   113 |   257 ||   370
 Abil: Dig               |       |     2 ||     2
  Use: Scroll            |       |    10 ||    10
       Potion            |       |     2 ||     2
  Eat: Chunk             |       |     8 ||     8
Armor: Scale mail        |    58 |    95 ||   153
Dodge: Dodged            |    31 |    75 ||   106
Block: Shield            |    66 |   124 ||   190
